← All builds
Tech / Armada / Economy first / OBSERVED BUILD

Standard tech

Armada Tech (Eco) build order · Supreme Isthmus

Rushes T2 by 4:15, gets Advanced Metal Extractor around 5:28, hands off T2 constructors to Geo and the team, then scales eco and supplies the team's T2 needs through the rest of the game.

Usually first T2 con to Geo (83%)

#eco #t2 #team support · 1579 distinct matches · 255 players · 58% of Armada Tech games · team won 53% of 1874 · Recently observed

HOW TO PLAY IT

Key timing: T2 factory by 4:15

  1. Open 3 mex and heavy wind to fund a fast T2 rush.
  2. Put down Bot Lab, planning to eat it for reclaim soon after.
  3. Get Advanced Bot Lab up, hitting the T2 factory rush timing.
  4. Upgrade mex to Advanced Metal Extractor to lock in team metal income.
  5. Eat Advanced Bot Lab and keep sending cons to Geo and Pond.

Phase by phase

TYPICAL OF ITS 1579 GAMES
  1. 1
  2. 2
  3. 3
  4. 4
PLAY THE OPENING

Follow the example game's first 6:00 step by step: what to build now, what comes next, and where it goes. At 1× it keeps pace with your own game.

  1. 1

    Up to the Bot Lab

    Economy
    • Metal Extractor3Mex
    • Wind Turbine4Wind
    Order
    1. Bot LabBot Lab after 3 mex, 4 winddone ~1:18, middle half 1:13–1:32

    Some games also: energy storage (31%)

    By 1:01 in all: 3 mex · 4 wind

    The example game in this phase · 5 steps
    1. Mex ×3
    2. Wind ×4
    3. Energy storage
    4. Wind ×2
    5. Bot LabBot Labdone 1:45 · typical 1:18
  2. 2

    Bot Lab to Advanced Bot Lab

    Economy
    • Metal Extractor1Mex
    • Wind Turbine8Wind
    • Energy Storage1Energy storage
    Order
    1. Advanced Bot LabAdvanced Bot Lab after 4 mex, 12 wind, 3 con turretdone ~4:16, middle half 4:04–4:30
    Builders
    • Construction Turret3 Con turret
    • Lazarus3 Lazarus
    • Construction Bot2 Con bot
    • Construction Bot1 Con bot for allies

    Some games also: converter (36%)

    By 3:18 in all: 4 mex · 12 wind · 1 energy storage · 3 con turret

    The example game in this phase · 16 steps
    1. Wind
    2. Construction BotCon bot
    3. LazarusLazarus
    4. Construction BotCon botfor Air
    5. Wind
    6. LazarusLazarus
    7. Con turret
    8. Wind
    9. Mex
    10. Construction BotCon bot
    11. Wind ×2
    12. LazarusLazarus
    13. Con turret
    14. Wind ×3
    15. LazarusLazarus
    16. Advanced Bot LabAdvanced Bot Labdone 4:18 · typical 4:16
  3. 3

    Advanced Bot Lab to 5:00

    Economy
    • Wind Turbine3Wind
    Order
    1. Bot LabEat Bot Lab
    Builders
    • Advanced Construction Bot1 T2 con bot for allies

    Some games also: converter (35%)

    By 5:00 in all: 4 mex · 15 wind · 1 converter · 1 energy storage · 3 con turret

    The example game in this phase · 5 steps
    1. Wind
    2. Bot LabEat Bot Labreclaimed for its metal
    3. Advanced Construction BotT2 con botfor Geo
    4. Advanced Metal ExtractorT2 mexdone 5:00 · typical 5:29
    5. Advanced Construction BotT2 con botfor Air
  4. 4

    5:00 to 10:00

    Economy
    • Wind Turbine43Wind
    • Energy Converter6Converter
    Builders
    • Butler9 Butler
    • Advanced Construction Bot4 T2 con bot for allies
    • Advanced Construction Bot1 T2 con bot

    Some games also: con turret (43%) · Butler for allies (36%)

    By 10:00 in all: 4 mex · 58 wind · 8 converter · 1 energy storage · 3 con turret

    The example game in this phase · 106 steps
    1. Advanced Metal ExtractorT2 mex ×2
    2. Advanced Construction BotT2 con botfor Geo sea
    3. GunslingerGunslingerdone 6:57
    4. Advanced Metal ExtractorT2 mex
    5. SharpshooterSniper botdone 7:37
    6. ButlerButler ×4
    7. Advanced Construction BotT2 con botfor Pond
    8. Wind
    9. Advanced Construction BotT2 con botfor Beach sea
    10. Wind ×2
    11. ButlerButler ×2
    12. Wind ×7
    13. Converter
    14. Wind
    15. Con turret
    16. Wind
    17. Advanced Construction BotT2 con bot
    18. Wind ×2
    19. Converter
    20. Wind
    21. Con turret
    22. Wind ×2
    23. Converter
    24. Wind ×8
    25. ButlerButler
    26. Wind ×2
    27. Fusion ReactorFusiondone 11:33
    28. ButlerButler
    29. Wind ×18
    30. Converter
    31. Wind ×5
    32. Converter
    33. Wind ×4
    34. Converter
    35. Wind ×2
    36. Advanced Bot LabEat Advanced Bot Labreclaimed for its metal
    37. Wind ×3
    38. Converter
    39. Wind ×4
    40. Converter
    41. Wind ×2
    42. T2 converter
    43. Wind
    44. Con turret
    45. Wind ×2
    46. Converter
    47. Con turret
    48. Wind ×5
    49. Converter
    50. Wind ×4
    51. Converter
    52. Wind ×3
    53. Con turret ×2
    54. Wind ×3
    55. Converter
    56. Wind ×3
    57. Fusion ReactorFusion
    58. Converter
    59. Wind ×3
    60. Con turret ×2
    61. Wind ×3
    62. Converter
    63. Con turret
    64. Wind
    65. Con turret
    66. Wind ×2
    67. Converter
    68. Wind ×3
    69. T2 converter
    70. Wind ×3
    71. Converter
    72. Wind ×4
    73. Converter
    74. Wind ×5
    75. Converter
    76. T2 converter
    77. Wind ×5
    78. Converter
    79. Wind ×4
    80. Converter
    81. Wind ×5
    82. Converter
    83. Advanced Bot LabAdvanced Bot Labdone 14:13
    84. Wind ×4
    85. T2 converter
    86. Converter
    87. Wind ×7
    88. Converter
    89. Wind ×3
    90. Advanced Construction BotT2 con bot
    91. Converter
    92. Wind ×5
    93. Converter
    94. Wind ×2
    95. Fusion ReactorFusion
    96. Wind ×3
    97. Converter
    98. Wind ×5
    99. Converter
    100. Wind ×3
    101. Advanced Bot LabEat Advanced Bot Labreclaimed for its metal
    102. Wind
    103. T2 converter
    104. Wind
    105. Converter
    106. Wind

Counts are medians over the build's games: half of them build more, half fewer. The example game is MrMilkman's (31 OS, 23/09/2026); pick another.

Team trades

IN AT LEAST 30% OF ITS GAMES

You hand over

  • Construction Bot1 Con bot to Airfirst at 2:23 · in 84% of games
  • Advanced Construction Bot5 T2 con bot to Air or Geo sea or Pondfirst at 4:50 · in 99% of games
  • Butler2 Butler to Geo sea or Beach sea or Pondfirst at 9:07 · in 42% of games

You get

  • Hercules1 Light transport from Airfirst at 4:01 · in 86% of games

How it plays out

Typical game of this build, running totals by minute

Metal produced

020k40k
0:005:0010:0015:00

metal

Enemy metal destroyed

050100
0:005:0010:0015:00

metal

Own metal lost

050100150
0:005:0010:0015:00

metal

1874 games.

Show as table
ByMetal produced: This buildEnemy metal destroyed: This buildOwn metal lost: This build
1:0038300
2:0091500
3:00165100
4:00314400
5:00484700
6:00580000
7:00722700
8:00906100
9:001117300
10:001350300
11:001624200
12:001965600
13:002344500
14:0027362073
15:003154285130
WHAT THE NUMBERS SAY

Standard Tech play barely fights at all early, instead pouring metal into T2 infrastructure and constructors for the team.

  • + Metal produced hits 31679 by 15:00, by far the highest of any role here.
  • + T2 factory reached in 97% of games by 4:15, fastest and most reliable T2 timing.
  • − Enemy metal destroyed stays at 0 through 10:00, no early offense at all.
  • − Own metal lost also near 0, showing total avoidance of combat risk.
THE EXAMPLE YOU ARE READING

MrMilkman

30.9 OS · 23/09/2026

Open source match ↗

1 received units
1655 metal received · 72722 energy received

Allied construction assistance is unknown. Timings are observations, not a promise of solo reproducibility.

Typical milestones

Bot Lab1:18Middle 50%: 1:13–1:32 · n=1874
Advanced Bot Lab4:16Middle 50%: 4:04–4:30 · n=1867
Advanced Metal Extractor5:29Middle 50%: 5:05–5:59 · n=1870

Played most by

Amrissa93games of this buildTheGeneraI66games of this buildAdeus57games of this buildEl_Turco56games of this buildKOT_43games of this build
Standard tech · Armada Tech (Eco) build order · BAR Build Atlas